 Dungeon Sprint DCSS version 0.14-a0-736-g2a71271 (webtiles) character file.

1682 Deemzul the Unseen (level 8, 0/55 HPs)
             Began as a Vampire Assassin on Nov 8, 2013.
             Was a Follower of Makhleb.
             Slain by a deep troll (15 damage)
             ... in the Dungeon (Sprint I: "Red Sonja").
             The game lasted 00:02:17 (278 turns).

Deemzul the Unseen (Vampire Assassin)                Turns: 278, Time: 00:02:18

HP   0/55        AC  3     Str 15      XL: 8   Next: 19%
MP   8/8         EV 12     Int 13      God: Makhleb [*.....]
Gold 499         SH  0     Dex 17      Spells:  0 memorised,  7 levels left

Res.Fire  : . . .   See Invis. : +   a - +2,+1 dagger
Res.Cold  : . . .   Warding    : .   n - +0 robe {MR+}
Life Prot.: + . .   Conserve   : .   (no shield)
Res.Poison: .       Res.Corr.  : .   (no helmet)
Res.Elec. : .       Clarity    : .   d - +0 cloak
Sust.Abil.: . .     Spirit.Shd : .   (no gloves)
Res.Mut.  : .       Prev.Telep.: +   (no boots)
Res.Rott. : .       Flight     : .   (no amulet)
Saprovore : . . .                    (no ring)
                                     (no ring)

@: mighty, very slightly contaminated, hasted (expiring), very quick, quite
resistant to hostile enchantments, extraordinarily stealthy
A: bottle blood, fangs 3, see invisible, unbreathing
a: Bat Form, Bottle Blood, Renounce Religion


You were in the Dungeon.
You worshipped Makhleb.
Makhleb was aware of your devotion.
You were not thirsty.

You visited 1 branch You collected 526 gold pieces.
You spent 27 gold pieces at shops.

Inventory:

Hand weapons
 a - a +2,+1 dagger (weapon)
 b - a +0 blowgun
Missiles
 e - 8 poisoned needles
 f - 12 curare-tipped needles
Armour
 d - a +0 cloak (worn)
 n - a +0 robe of magic resistance (worn)
Scrolls
 c - a scroll of curse jewellery {unknown}
 m - a scroll of blinking
Potions
 g - a potion of blood
 h - a potion of curing
 i - 2 potions of heal wounds
 k - 2 potions of magic
 l - a potion of berserk rage


   Skills:
 - Level 1.7 Fighting
 + Level 13.6 Short Blades
 - Level 1.5 Throwing
 - Level 1.1 Dodging
 + Level 18.7 Stealth


You had 7 spell levels left.
You didn't know any spells.

Dungeon Overview and Level Annotations

Branches:
Dungeon (1/1)

Altars:
Elyvilon
Kikubaaqudgha
Makhleb
Sif Muna
Trog
Yredelemnul
Zin
the Shining One

Shops:
D *


Innate Abilities, Weirdness & Mutations

You can bottle blood from corpses.
You have razor-sharp teeth.*
You have supernaturally acute eyesight.
You can survive without breathing.*


Message History

The deep troll is severely wounded.
You hit the deep troll. Your bite misses the deep troll.
The deep troll is severely wounded.
The deep troll bites you! The deep troll claws you. The deep troll claws you!
* * * LOW HITPOINT WARNING * * *
You closely miss the deep troll.
The deep troll is severely wounded.
Your extra speed is starting to run out.
You hit the deep troll but do no damage.
You bite the deep troll.
The deep troll is severely wounded.
There is an open door here.
You closely miss the deep troll.
The deep troll is severely wounded.
You puncture the deep troll!
The deep troll is almost dead.
You hit the deep troll but do no damage.
The deep troll is almost dead.
The deep troll bites you!
You die...

####################
#<<#.%'..#[)'..#__#.
#<.@T.#.)'..#..'..'.
#..#####'#####'#__##
#..####..#...#.####
#..#_.####..##.#
#..#.....##'#..+
#⌠⌠#_.∩...'..._#
####.....##_.#'#
#_._._###'#.#
#########.####+##


You could see a deep troll.

Vanquished Creatures
  A giant amoeba (D)
  Sonja (D)
  An elephant slug (D)
  2 kobold demonologists (D)
  An ogre (D)
  Sigmund (D)
  A jelly (D)
  Ijyb (D)
  A giant eyeball (D)
10 creatures vanquished.

Notes
Turn   | Place    | Note
--------------------------------------------------------------
     0 | D        | Deemzul, the Vampire Assassin, began the quest for the Orb.
     0 | D        | Reached XP level 1. HP: 15/15 MP: 1/1
     2 | D        | Noticed Ijyb
     4 | D        | Killed Ijyb
     4 | D        | Reached skill level 8 in Stealth
     4 | D        | Reached XP level 2. HP: 21/21 MP: 2/2
    11 | D        | Noticed an ogre
    13 | D        | Killed an ogre
    13 | D        | Reached skill level 11 in Stealth
    13 | D        | Reached XP level 3. HP: 26/26 MP: 3/3
    13 | D        | Reached XP level 4. HP: 32/32 MP: 4/4
    22 | D        | Noticed Sigmund
    25 | D        | Killed Sigmund
    25 | D        | Reached skill level 12 in Stealth
    25 | D        | Reached XP level 5. HP: 38/38 MP: 5/5
    50 | D        | Found an ancient bone altar of Kikubaaqudgha.
    51 | D        | Noticed a jelly
    52 | D        | Found a white marble altar of Elyvilon.
    58 | D        | Killed a jelly
    58 | D        | Reached skill level 13 in Stealth
    77 | D        | Found a glowing silver altar of Zin.
    77 | D        | Found Kiazoeck's General Store.
    77 | D        | Found a basalt altar of Yredelemnul.
    77 | D        | Found a deep blue altar of Sif Muna.
    77 | D        | Noticed an elephant slug
    78 | D        | Found a bloodstained altar of Trog.
   100 | D        | Killed an elephant slug
   100 | D        | Reached skill level 10 in Short Blades
   100 | D        | Reached skill level 14 in Stealth
   100 | D        | Reached XP level 6. HP: 42/44 MP: 6/6
   107 | D        | Found a glowing golden altar of the Shining One.
   111 | D        | Bought a potion of might for 27 gold pieces
   131 | D        | Found a white marble altar of Elyvilon.
   131 | D        | Found a burning altar of Makhleb.
   131 | D        | Noticed a giant amoeba
   132 | D        | Found a basalt altar of Yredelemnul.
   132 | D        | Found a white marble altar of Elyvilon.
   134 | D        | Killed a giant amoeba
   134 | D        | Reached skill level 17 in Stealth
   134 | D        | Reached XP level 7. HP: 49/49 MP: 7/7
   140 | D        | Became a worshipper of Makhleb the Destroyer
   178 | D        | Noticed a kobold demonologist
   179 | D        | Noticed a kobold demonologist
   181 | D        | Killed a kobold demonologist
   183 | D        | Killed a kobold demonologist
   183 | D        | Reached skill level 18 in Stealth
   184 | D        | Acquired Makhleb's first power
   213 | D        | Noticed Sonja
   217 | D        | Killed Sonja
   217 | D        | Reached XP level 8. HP: 55/55 MP: 8/8
   228 | D        | Noticed a deep troll
   278 | D        | Slain by a deep troll

Action                   |  1- 3 |  4- 6 |  7- 9 || total
-------------------------+-------+-------+-------++-------
Melee: Dagger            |     2 |    16 |    29 ||    47
  Use: Potion            |       |     1 |     2 ||     3
 Stab: Sleeping          |     2 |     3 |     4 ||     9
